 Dungeon Crawl Stone Soup version 0.30-a0-857-gcaf70739d4 (webtiles) character file.

Game seed: 9415172311614162583

15243 Demosthentine the Fighter (level 11, 0/81 HPs)
             Began as a Demonspawn Gladiator on Mar 5, 2023.
             Was an Elder of Hepliaklqana.
             Slain by Rupert
             ... wielding a +3 great mace of holy wrath
              (11 damage)
             ... on level 13 of the Dungeon.
             The game lasted 00:12:26 (9987 turns).

Demosthentine the Fighter (Demonspawn Gladiator)    Turns: 9987, Time: 00:12:27

Health: 0/81       AC:  8    Str: 19    XL:     11   Next: 99%
Magic:  17/17      EV: 17    Int: 19    God:    Hepliaklqana [****..]
Gold:   322        SH:  0    Dex: 16    Spells: 10/10 levels left

rFire   . . .      SeeInvis .    u - +2 trident (venom)
rCold   . . .      Faith    .    (no shield)
rNeg    . . .      Spirit   .    b - +0 leather armour
rPois   .          Reflect  .    c - +1 helmet
rElec   +          Rampage  .    q - +0 cloak
rCorr   +                        I - +0 pair of gloves "Duconus" {rC- Will+++ rCorr}
Will    +++..                    (no boots)
Stlth   +                        f - amulet of regeneration
HPRegen 1.13/turn                z - ring of the Griffon {rElec Str+3 Int+2 Slay+4}
MPRegen 0.15/turn                x - ring of protection from cold

@: no status effects
A: reduced essence, hooves 2, big brain 3, demonic magic 2, corrupting presence
1
a: Renounce Religion, Recall Ancestor, Ancestor Identity, Transference, Idealise


You were on level 13 of the Dungeon.
You worshipped Hepliaklqana.
Hepliaklqana was greatly pleased with you.
You visited 2 branches of the dungeon, and saw 14 of its levels.
You also visited: Ossuary.

You collected 664 gold pieces.
You spent 342 gold pieces at shops.

Inventory:

Hand Weapons
 u - a +2 trident of venom (weapon)
Missiles
 d - 3 throwing nets (quivered)
 e - a javelin
Armour
 b - a +0 leather armour (worn)
 c - a +1 helmet (worn)
 q - a +0 cloak (worn)
 I - the +0 pair of gloves "Duconus" (worn) {rC- Will+++ rCorr}
   (You bought it in a shop on level 11 of the Dungeon)

   rC:        It makes you vulnerable to cold.
   rCorr:     It protects you from acid and corrosion.
   Will:      It greatly increases your willpower.
Jewellery
 f - an amulet of regeneration (around neck)
 m - a ring of positive energy
 x - a ring of protection from cold (right hand)
 z - the ring of the Griffon (left hand) {rElec Str+3 Int+2 Slay+4}
   (You found it on level 6 of the Dungeon)

   [ring of slaying]

   Str:       It affects your strength (+3).
   Int:       It affects your intelligence (+2).
   Slay:      It affects your accuracy & damage with ranged weapons and melee
   (+4).
   rElec:     It insulates you from electricity.
 M - a +6 ring of strength
Wands
 y - a wand of acid (3)
 B - a wand of polymorph (11)
 E - a wand of paralysis (10)
 H - a wand of digging (6)
Scrolls
 j - a scroll of fog
 k - a scroll of enchant armour
 n - a scroll of fear
 s - 5 scrolls of teleportation
 w - 3 scrolls of magic mapping
 C - a scroll of blinking
 D - a scroll of enchant weapon
 G - a scroll of amnesia
Potions
 a - a potion of magic
 g - 2 potions of lignification
 h - 4 potions of flight
 i - 2 potions of heal wounds
 l - 5 potions of curing
 o - 3 potions of haste
 p - 6 potions of attraction {unknown}
 r - a potion of berserk rage
 t - 5 potions of might
 v - 3 potions of brilliance
 A - a potion of resistance {unknown}
 F - 2 potions of mutation {unknown}
 J - a potion of cancellation
 K - a potion of invisibility


   Skills:
 + Level 10.1 Fighting
 + Level 9.5 Polearms
 - Level 1.7 Throwing
 - Level 6.3 Armour
 + Level 9.5 Dodging
 + Level 8.9 Invocations


You had 10 spell levels left.
You didn't know any spells.
Your spell library contained the following spells:

 Spells                   Type           Power      Damage    Failure   Level
 Freeze                   Ice            0%         1d3       10%         1
 Slow                     Hex            0%         N/A       10%         1
 Cigotuvi's Dreadful Rot  Necr/Pois/Air  0%         N/A       14%         2
 Scorch                   Fire           0%         2d5       14%         2
 Sublimation of Blood     Necr           0%         N/A       14%         2
 Wereblood                Tmut           0%         N/A       14%         2
 Confusing Touch          Hex            0%         N/A       26%         3
 Dazzling Flash           Conj/Hex       0%         N/A       26%         3
 Frozen Ramparts          Ice            0%         1d1       26%         3
 Hailstorm                Conj/Ice       0%         3d3       26%         3
 Kindle Blastsparks       Fire/Tloc/Air  0%         2d10      26%         3
 Portal Projectile        Hex/Tloc       0%         N/A       26%         3
 Tukima's Dance           Hex            0%         N/A       26%         3
 Vampiric Draining        Necr           0%         2d6       26%         3
 Dispel Undead            Necr           0%         3d6       65%         4
 Flame Wave               Conj/Fire      0%         2d4       65%         4
 Fulminant Prism          Conj/Hex       0%         3d5       65%         4
 Ice Form                 Ice/Tmut       0%         N/A       65%         4
 Iskenderun's Mystic Bla  Conj/Tloc      0%         2d3       65%         4
 Blade Hands              Tmut           0%         N/A       92%         5
 Lee's Rapid Deconstruct  Erth           0%         3d4*      92%         5
 Death Channel            Necr           0%         N/A       100%        6
 Simulacrum               Ice/Necr       0%         N/A       100%        6
 Starburst                Conj/Fire      0%         6d3       100%        6
 Summon Cactus Giant      Summ           0%         N/A       100%        6
 Summon Hydra             Summ           0%         N/A       100%        7


Dungeon Overview and Level Annotations

Branches:
Dungeon (13/15)            Temple (1/1) D:6            Lair (0/5) D:8
    Orc (0/2) D:12        Ossuary (visited)
 Vaults: D:13-14

Altars:
Ashenzari
Cheibriados
Dithmenos
Fedhas
Gozag
Hepliaklqana
Kikubaaqudgha
Makhleb
Nemelex Xobeh
Okawaru
Qazlal
Ru
Sif Muna
Trog
Uskayaw
Vehumet
Wu Jian
Xom
Yredelemnul

Shops:
D:4 (   D:10 [   D:11 *

Annotations:
D:13 Rupert


Innate Abilities, Weirdness & Mutations

Your life essence is reduced to manifest your ancestor. (-10% HP)
You have hoof-like feet.
You have an absolutely massive brain. (Int +6, Wiz)
Spells you cast may paralyse nearby enemies.
Your presence sometimes corrodes those you injure.


Message History

Unknown command.
You impale Rupert!!
Rupert looks as sick as possible!
Rupert is moderately wounded.
The orc priest hits you but does no damage.
The orc hits you with a +0 club.
Rupert struggles against the net.
You hit Rupert. You punch Rupert.
Rupert is moderately wounded.
The orc priest hits you with a +0 mace.
Rupert struggles against the net.
The orc misses you.
You catch the helpless Rupert completely off-guard!
You impale Rupert!!
Rupert looks as sick as possible!
Rupert is heavily wounded.
The orc priest hits you with a +0 mace.
Rupert struggles against the net.
The orc hits you but does no damage.
You hit Rupert.
Rupert looks as sick as possible!
You kick Rupert.
Rupert is severely wounded.
You puncture Rupert! You kick Rupert.
Rupert is severely wounded.
The orc priest hits you with a +0 mace. The orc hits you with a +0 club.
Rupert struggles against the net.
You strike the helpless Rupert from behind!
You puncture Rupert!
Rupert looks as sick as possible!
Your corrupting presence corrodes Rupert!
You kick Rupert.
Rupert is almost dead.
The orc priest hits you with a +0 mace. The orc hits you but does no damage.
Rupert struggles against the net.
The net rips apart, and Rupert comes free!
You puncture Rupert! Your kick misses Rupert.
Rupert is almost dead.
The orc priest hits you but does no damage.
The orc barely misses you. Rupert completely misses you.
You barely miss Rupert.
Rupert is almost dead.
The orc priest invokes the aid of Beogh against you.
Beogh smites you! The orc barely misses you.
Rupert hits you with a +3 great mace of holy wrath!!
* * * LOW HITPOINT WARNING * * *
You convulse!
You die...

...# ...#
...# ##
...#
+.##..(#
+...)..####
+.oo@......
#..@.......
###########


You could see Rupert (extremely poisoned, corroded), an orc priest and an orc.

Vanquished Creatures
  A boulder beetle (D:12)
  A tengu warrior (D:12)
  Pikel (D:5)
  2 manticores
  2 gargoyles
  3 kobold demonologists
  A komodo dragon (D:11)
  A tengu conjurer (D:12)
  Maggie (D:6)
  A troll (D:12)
  A hornet (D:11)
  3 slime creatures (D:10)
  A vampire (D:11)
  5 wraiths
  A shadow (D:10)
  4 wyverns
  5 yaks
  4 vampire mosquitoes (D:12)
  A water moccasin (D:5)
  4 ice beasts
  3 sky beasts
  3 black bears
  2 orc warriors
  2 ogres
  4 centaurs
  A phantom (D:3)
  4 kobold brigands
  5 bullfrogs
  A scorpion (D:4)
  3 wights (D:9)
  15 killer bees
  5 howler monkeys
  2 centaur zombies (Ossuary)
  5 hounds
  2 human zombies (Ossuary)
  6 jellies
  4 orc priests
  Crazy Yiuf (D:3)
  2 gnoll boudas
  4 iguanas
  2 sleepcaps
  Terence (D:2)
  11 orc wizards
  2 mummies (Ossuary)
  13 gnolls
  3 adders
  2 shadow imps (D:7)
  2 ufetubi
  An adder zombie (Ossuary)
  3 worms
  32 orcs
  4 endoplasms
  2 giant cockroaches (D:3)
  6 goblins
  8 hobgoblins
  8 jackals
  5 quokkas
  3 ball pythons
  8 bats
  6 frilled lizards
  5 goblin zombies (Ossuary)
  6 hobgoblin zombies (Ossuary)
  A jackal zombie (Ossuary)
  14 kobolds
  9 kobold zombies (Ossuary)
  8 orc zombies (Ossuary)
  3 rats
285 creatures vanquished.

Vanquished Creatures (collateral kills)
  A two-headed ogre (D:11)
  A manticore (D:11)
  A kobold demonologist (D:11)
  A hornet (D:10)
  2 slime creatures (D:10)
  A wraith (D:11)
  2 yaks (D:11)
  An orc wizard (D:11)
  6 orcs
  A hobgoblin zombie (Ossuary)
  4 kobolds (D:11)
  A kobold zombie (Ossuary)
  An orc zombie (Ossuary)
23 creatures vanquished.

Vanquished Creatures (others)
  A hexer (D:10)
  3 ancestors
4 creatures vanquished.

Grand Total: 312 creatures vanquished

Notes
Turn   | Place    | Note
-------+----------+-------------------------------------------
     0 | D:1      | Demosthentine the Demonspawn Gladiator began the quest for
                  | the Orb.
     0 | D:1      | Reached XP level 1. HP: 16/16 MP: 1/1
   157 | D:1      | Gained mutation: You have large cloven feet. [demonic
                  | ancestry]
   157 | D:1      | Reached XP level 2. HP: 22/22 MP: 2/2
   251 | D:1      | Found a faded altar of an unknown god.
   511 | D:1      | Reached skill level 1 in Armour
   570 | D:1      | Gained mutation: Spells you cast may paralyse adjacent
                  | enemies. [demonic ancestry]
   570 | D:1      | Reached XP level 3. HP: 27/28 MP: 3/3
   650 | D:2      | Identified the +12 hand axe of the Several Xenops {drain,
                  | Dex+2 Stlth+}
   806 | D:2      | Noticed Terence
   819 | D:2      | Killed Terence
   820 | D:2      | Reached XP level 4. HP: 29/34 MP: 4/4
  1206 | D:3      | Identified the +3 ring mail "Letwu" {rPois rC+}
  1259 | D:3      | Reached skill level 3 in Fighting
  1306 | D:3      | Noticed a phantom
  1318 | D:3      | Killed a phantom
  1319 | D:3      | Gained mutation: You have an unusually large brain. (Int
                  | +2) [demonic ancestry]
  1319 | D:3      | Reached XP level 5. HP: 35/41 MP: 5/5
  1590 | D:3      | Found a runed translucent door.
  1591 | D:3      | Noticed Crazy Yiuf
  1601 | D:3      | Killed Crazy Yiuf
  1742 | D:4      | Found a broken altar of Ashenzari.
  2150 | D:4      | Found a bloodstained altar of Trog.
  2150 | D:4      | Found an iron altar of Okawaru.
  2157 | D:4      | Gained mutation: You have an extremely huge brain. (Int +4)
                  | [demonic ancestry]
  2157 | D:4      | Reached XP level 6. HP: 46/47 MP: 6/6
  2321 | D:4      | Found Ecyqafy's Antique Weapon Shop.
  2619 | D:5      | Entered Level 5 of the Dungeon
  2754 | D:5      | Noticed an ice beast
  2766 | D:5      | Killed an ice beast
  2767 | D:5      | Reached skill level 4 in Fighting
  2783 | D:5      | Gained mutation: Spells you cast may paralyse nearby
                  | enemies. [demonic ancestry]
  2783 | D:5      | Reached XP level 7. HP: 46/54 MP: 7/7
  2940 | D:5      | Noticed Pikel
  2988 | D:5      | Killed Pikel
  2989 | D:5      | Reached skill level 5 in Fighting
  2989 | D:5      | Reached skill level 5 in Polearms
  2989 | D:5      | Reached skill level 5 in Dodging
  2989 | D:5      | Gained mutation: Your presence sometimes corrodes those you
                  | injure. [demonic ancestry]
  2989 | D:5      | Reached XP level 8. HP: 31/62 MP: 8/8
  3561 | D:5      | Found a snail-covered altar of Cheibriados.
  3921 | D:6      | Noticed Maggie
  3927 | D:6      | Killed Maggie
  4066 | D:6      | Found a staircase to the Ecumenical Temple.
  4111 | Temple   | Entered the Ecumenical Temple
  4412 | Temple   | Became a worshipper of Hepliaklqana the Forgotten
  4566 | D:6      | Reached skill level 5 in Armour
  4596 | D:6      | Reached skill level 6 in Fighting
  4841 | D:6      | You fall into a shaft and drop 1 floor!
  4866 | D:7      | Gained mutation: You have hoof-like feet. [demonic
                  | ancestry]
  4866 | D:7      | Reached XP level 9. HP: 69/69 MP: 9/9
  5115 | D:6      | Identified the ring of the Griffon {rElec Str+3 Int+2
                  | Slay+4}
  5397 | D:7      | Reached * piety under Hepliaklqana
  5418 | D:7      | Reached skill level 7 in Fighting
  5792 | D:8      | Found a staircase to the Lair.
  5803 | D:8      | Found a sand-covered staircase.
  5809 | Ossuary  | Entered an ossuary
  6042 | D:8      | Reached skill level 1 in Invocations
  6042 | D:8      | Reached XP level 10. HP: 71/71 MP: 10/10
  6353 | D:8      | Found a basalt altar of Yredelemnul.
  6363 | D:8      | Reached skill level 8 in Fighting
  6928 | D:9      | Reached ** piety under Hepliaklqana
  6929 | D:9      | Remembered your ancestor Simosihle as a hexer
  7552 | D:10     | Entered Level 10 of the Dungeon
  7625 | D:10     | Reached skill level 5 in Invocations
  7626 | D:10     | Paralysed by a hornet for 2 turns
  7802 | D:10     | Noticed a manticore
  7819 | D:10     | Killed a manticore
  7933 | D:10     | Found Kukoseag's Antique Armour Emporium.
  7969 | D:10     | Gained mutation: You have an absolutely massive brain. (Int
                  | +6, Wiz) [demonic ancestry]
  7969 | D:10     | Reached XP level 11. HP: 78/78 MP: 15/15
  8133 | D:11     | Reached *** piety under Hepliaklqana
  8140 | D:11     | Noticed a two-headed ogre
  8146 | D:11     | Reached skill level 9 in Fighting
  8148 | D:11     | Killed a two-headed ogre
  8321 | D:11     | Found Ipnaddos's Assorted Antiques.
  8360 | D:11     | Bought a pair of warped gloves for 342 gold pieces
  8360 | D:11     | Identified the +0 pair of gloves "Duconus" {rC- Will+++
                  | rCorr} (You bought it in a shop on level 11 of the Dungeon)
  8586 | D:11     | Identified the +5 glaive "Loopy" {vamp, Drain rElec rCorr
                  | Str-5}
  9031 | D:12     | Noticed a tengu warrior
  9137 | D:12     | Found a staircase to the Orcish Mines.
  9232 | D:12     | Killed a tengu warrior
  9303 | D:12     | Reached skill level 10 in Fighting
  9388 | D:12     | Identified the ring of Imener {Fire Contam Int+5 Stlth+}
  9538 | D:12     | Noticed a boulder beetle
  9540 | D:12     | Reached **** piety under Hepliaklqana
  9555 | D:12     | Killed a boulder beetle
  9612 | D:12     | Noticed a sixfirhy
  9628 | D:12     | Noticed a sun demon
  9967 | D:13     | Noticed Rupert
  9987 | D:13     | Slain by Rupert

Illustrated notes

Levels and vault maps discovered:
D:1:      dpeg_arrival_tiny_k, layout_rooms, chequers_ecumenical_altar_grove
D:2:      layout_rooms, grunt_decor_clamped, uniq_terence
D:3:      layout_rooms, uniq_crazy_yiuf_cottage
D:4:      layout_loops_corners, grunt_temple_overflow_bloody_war,
          cheibrodos_ashenzari_chains, serial_shops, nicolae_shop_statue_plus,
          kennysheep_donut
D:5:      layout_layer_cave, slow_altar_2, uniq_pikel
D:6:      layout_gridville, minmay_temple_entry_statues_fountains, uniq_maggie
D:7:      cheibrodos_barr_body, layout_loops_ring, wad_floor_pattern_untrapped
D:8:      layout_loops_ring, mainiacjoe_overflow_brackets,
          nicolae_ossuary_entry_plus
D:9:      layout_basic, minmay_misc_feat_room
D:10:     layout_long_grid, serial_shops, nicolae_diamond_shop
D:11:     layout_long_grid, serial_shops, shop_statue
D:12:     layout_loops_ring, orc_0_dummy
D:13:     layout_long_grid, ximxim_vaults_locker_room, uniq_josephine,
          uniq_rupert, uniq_kirke
Temple:   minmay_temple_bridge_d

Skill      XL: |  1  2  3  4  5  6  7  8  9 10 11 |
---------------+----------------------------------+-----
Dodging        | 3 4 5 6 7 8 9 |  9.5
Polearms       | 3 4 5 6 7 8 9 |  9.5
Armour         | 1 2 3 4 5 6 |  6.3
Fighting       | 3 4 5 6 7 8 10 | 10.1
Invocations    | 1 6 8 |  8.9
Throwing       | |  1.7

Action                     |  1- 3 |  4- 6 |  7- 9 | 10-12 || total
---------------------------+-------+-------+-------+-------++-------
  Melee: Trident           |   134 |   150 |   341 |   407 ||  1032
         Kick              |    21 |    43 |    91 |   122 ||   277
         Punch             |     1 |     2 |     3 |     5 ||    11
  Throw: Throwing net      |       |     1 |       |     3 ||     4
 Invoke: Ancestor Life: He |       |       |       |     1 ||     1
    Use: Scroll            |     5 |     5 |     7 |     9 ||    26
         Potion            |       |       |       |     2 ||     2
   Stab: Held in net/web   |       |     2 |       |     3 ||     5
         Sleeping          |       |     1 |       |     1 ||     2
         Distracted        |       |       |       |     5 ||     5
         Confused          |       |       |       |     3 ||     3
 Armour: Leather armour    |    39 |    42 |    87 |    61 ||   229
  Dodge: Dodged            |    92 |    96 |   214 |   189 ||   591

Table legend: (Time is in decaauts)
 A = Elapsed time spent in this place.
 B = Non-inter-level travel time spent in this place.
 C = Inter-level travel time spent in this place.
 D = Time resting spent in this place.
 E = Time spent auto-exploring this place.
 F = Levels seen in this place.
 G = Mean time per level.
                   A        B        C        D        E       F      G
               +--------+--------+--------+--------+--------+-----+--------+
         Total |   9982 |   9475 |    507 |     93 |   7445 |  15 |  665.5 |
       Dungeon |   9408 |   9042 |    366 |     93 |   7141 |  13 |  723.7 |
        Temple |    374 |    234 |    140 |      0 |    213 |   1 |  374.0 |
       Ossuary |    199 |    199 |      0 |      0 |     91 |   1 |  199.0 |
               +--------+--------+--------+--------+--------+-----+--------+

Top non-repeatable levels by time:
     D:5: 1364 daAuts
    D:12: 1013 daAuts
     D:4: 977 daAuts
     D:9: 942 daAuts
    D:11: 791 daAuts
     D:7: 728 daAuts
     D:6: 705 daAuts
     D:1: 657 daAuts
     D:8: 602 daAuts
    D:10: 581 daAuts
     D:2: 520 daAuts
     D:3: 504 daAuts
  Temple: 374 daAuts
 Ossuary: 199 daAuts
    D:13: 18 daAuts
